TOP OF THE 1ST |
Lowell Spinners batting - Pitching for Tri-City ValleyCats : RHP Arsène Serre
|
Pitching: RHP Arsène Serre
|
|
Batting: RHB Nick Cottrell
|
0-0: Ball 1-0: Ball 2-0: Called Strike 2-1: Ball 3-1: Called Strike 3-2: Strikes out looking
|
Batting: RHB Billy Ratz
|
0-0: Swinging Strike 0-1: Ball 1-1: Ball 2-1: SINGLE (Groundball, 4MD, EV 99.4 MPH)
|
Batting: LHB Jarrett Mordecai
|
0-0: Ball 1-0: Called Strike Pickoff Throw by Catcher to First - Out! 1-1: DOUBLE (Groundball, 3L, EV 105.6 MPH)
|
Batting: RHB Guillermo Quintero
|
0-0: Called Strike 0-1: Ball 1-1: Reached on error, E6 (Groundball, 6, EV 91.9 MPH) Jarrett Mordecai scores
|
Batting: LHB Noel Young
|
0-0: Ball 1-0: Called Strike 1-1: Ball 2-1: DOUBLE (Line Drive, 3D, EV 100.6 MPH) Guillermo Quintero scores
|
Batting: RHB Joel Vazquez
|
0-0: Ground out 4-3 (Groundball, 34, EV 101.3 MPH)
|
Top of the 1st over - 2 runs, 3 hits, 1 error, 1 left on base; Lowell 2 - Tri-City 0 |
BOTTOM OF THE 1ST |
Tri-City ValleyCats batting - Pitching for Lowell Spinners : RHP Michel van Kampen
|
Pitching: RHP Michel van Kampen
|
|
Batting: RHB Ben Hoffman
|
0-0: SINGLE (Flyball, 8LS, EV 88.1 MPH)
|
Batting: RHB Justin Olmstead
|
0-0: Ball 1-0: Ball 2-0: Foul Ball, location: 2F 2-1: SINGLE (Groundball, 25, EV 62.5 MPH) (infield hit) Ben Hoffman to second
|
Batting: SHB Chris Keziah
|
0-0: Ball Wild Pitch! Ben Hoffman to third Justin Olmstead to second 1-0: SINGLE (Line Drive, 4MD, EV 102.5 MPH) Ben Hoffman scores Justin Olmstead to third Runner from 3rd tries for Home, SAFE, throw by CF to home Chris Keziah to second
|
Batting: LHB Vinny Siebecker
|
0-0: Ball 1-0: Called Strike 1-1: Ball 2-1: Foul Ball, location: 2F 2-2: Foul Ball, location: 2F 2-2: Foul Ball, location: 2F 2-2: Foul Ball, location: 2F 2-2: Foul Ball, location: 2F 2-2: Strikes out swinging
|
Batting: RHB Bobby Dunn
|
0-0: Called Strike 0-1: Ball 1-1: Swinging Strike 1-2: Strikes out swinging
|
Batting: SHB Salvador Gomez
|
0-0: TRIPLE (Flyball, 78XD, EV 102.5 MPH) Chris Keziah scores
|
Batting: RHB Chris Miller
|
0-0: Called Strike 0-1: Ball 1-1: Foul Ball, location: 2F 1-2: Foul Ball, location: 2F 1-2: Ball 2-2: Strikes out looking
|
Bottom of the 1st over - 3 runs, 4 hits, 0 errors, 1 left on base; Lowell 2 - Tri-City 3 |
TOP OF THE 2ND |
Lowell Spinners batting - Pitching for Tri-City ValleyCats : RHP Arsène Serre
|
Batting: RHB Jose Diaz
|
0-0: SINGLE (Groundball, 6MD, EV 101.3 MPH)
|
Batting: RHB Tommy Boudreaux
|
0-0: Swinging Strike 0-1: Ball 1-1: Swinging Strike 1-2: Ball 2-2: Foul Ball, location: 2F 2-2: Foul Ball, location: 2F 2-2: Ball 3-2: Strikes out swinging Jose Diaz is caught stealing 2nd base 2-4 Batter strikes out.
|
Batting: RHB Nick Ameen
|
0-0: Swinging Strike 0-1: Ball 1-1: Foul Ball, location: 2F 1-2: Ball 2-2: Foul Ball, location: 2F 2-2: DOUBLE (Line Drive, 9LS, EV 114.4 MPH)
|
Batting: RHB Nick Cottrell
|
0-0: Ball 1-0: Ball 2-0: Ball 3-0: Base on Balls
|
Batting: RHB Billy Ratz
|
0-0: Ball Passed Ball! Nick Ameen to third Nick Cottrell to second 1-0: Called Strike 1-1: Foul Ball, location: 2F 1-2: SINGLE (Groundball, 34D, EV 96.9 MPH) Nick Ameen scores Nick Cottrell to third Runner from 3rd tries for Home, SAFE, throw by RF to home
|
Batting: LHB Jarrett Mordecai
|
0-0: Ball 1-0: Foul Ball, location: 2F 1-1: Ball 2-1: Ground out 6-3 (Groundball, 6S, EV 86.3 MPH)
|
Top of the 2nd over - 2 runs, 3 hits, 0 errors, 1 left on base; Lowell 4 - Tri-City 3 |
BOTTOM OF THE 2ND |
Tri-City ValleyCats batting - Pitching for Lowell Spinners : RHP Michel van Kampen
|
Batting: RHB Mike Koch
|
0-0: Foul Ball, location: 2F 0-1: Ball 1-1: Ground out 6-3 (Groundball, 6, EV 102.5 MPH)
|
Batting: RHB Ruben Pujols
|
0-0: Called Strike 0-1: Foul Ball, location: 2F 0-2: Ball 1-2: Strikes out swinging
|
Batting: RHB Ben Hoffman
|
0-0: Ball 1-0: Ball 2-0: Ball 3-0: Base on Balls
|
Batting: RHB Justin Olmstead
|
0-0: Called Strike Ben Hoffman steals 2nd base 0-1: Swinging Strike 0-2: Ball 1-2: Ball 2-2: Ball 3-2: Strikes out swinging
|
Bottom of the 2nd over - 0 runs, 0 hits, 0 errors, 1 left on base; Lowell 4 - Tri-City 3 |
TOP OF THE 3RD |
Lowell Spinners batting - Pitching for Tri-City ValleyCats : RHP Arsène Serre
|
Batting: RHB Guillermo Quintero
|
0-0: Foul Ball, location: 2F 0-1: Called Strike 0-2: Foul Ball, location: 2F 0-2: Ball 1-2: Foul Ball, location: 2F 1-2: Strikes out looking
|
Batting: LHB Noel Young
|
0-0: Ball 1-0: Ball 2-0: Ball 3-0: Called Strike 3-1: Called Strike 3-2: Strikes out swinging
|
Batting: RHB Joel Vazquez
|
0-0: SINGLE (Groundball, 56, EV 107.5 MPH)
|
Pitching: LHP Jon Pope
|
|
Batting: RHB Jose Diaz
|
0-0: Ball 1-0: Ball 2-0: Ball 3-0: Base on Balls Joel Vazquez to second
|
Batting: RHB Tommy Boudreaux
|
0-0: Ball Balk! Joel Vazquez to third Jose Diaz to second 1-0: Ball 2-0: Ball 3-0: Called Strike 3-1: Foul Ball, location: 2F 3-2: Base on Balls
|
Batting: RHB Nick Ameen
|
0-0: Called Strike 0-1: Ball 1-1: Ball 2-1: Ball 3-1: Base on Balls Joel Vazquez scores Jose Diaz to third Tommy Boudreaux to second
|
Batting: RHB Nick Cottrell
|
0-0: Ball Balk! Jose Diaz scores Tommy Boudreaux to third Nick Ameen to second 1-0: Ball 2-0: Ball Wild Pitch! Tommy Boudreaux scores Nick Ameen to third 3-0: Foul Ball, location: 2F 3-1: Swinging Strike 3-2: Base on Balls
|
Batting: RHB Billy Ratz
|
0-0: SINGLE (Groundball, 56D, EV 103.1 MPH) Nick Ameen scores Nick Cottrell to second
|
Batting: LHB Jarrett Mordecai
|
0-0: Ball 1-0: SINGLE (Line Drive, 8RS, EV 96.9 MPH) Nick Cottrell to third Billy Ratz to second Runner from 3rd tries for Home, SAFE, throw by CF to home
|
Batting: RHB Guillermo Quintero
|
0-0: SINGLE (Flyball, 5D, EV 91.9 MPH) Billy Ratz to third Jarrett Mordecai to second Runner from 3rd tries for Home, SAFE, throw by LF to home
|
Batting: LHB Noel Young
|
Balk! Jarrett Mordecai to third Guillermo Quintero to second 0-0: Ball 1-0: Ball 2-0: Ball 3-0: Called Strike 3-1: Base on Balls
|
Batting: RHB Joel Vazquez
|
0-0: Ball 1-0: Ball 2-0: Called Strike 2-1: SINGLE (Line Drive, 8RS, EV 103.8 MPH) Jarrett Mordecai scores Guillermo Quintero to third Noel Young to second Runner from 3rd tries for Home, SAFE, throw by CF to home
|
Batting: RHB Jose Diaz
|
0-0: SINGLE (Groundball, 56D, EV 111.3 MPH) Noel Young to third Joel Vazquez to second
|
Batting: RHB Tommy Boudreaux
|
0-0: Called Strike 0-1: Ball 1-1: Called Strike 1-2: Ball 2-2: Ball Wild Pitch! Noel Young scores Joel Vazquez to third Jose Diaz to second 3-2: Base on Balls
|
Pitching: RHP Rob Baker
|
|
Batting: RHB Nick Ameen
|
0-0: Called Strike 0-1: Ball 1-1: Fielders Choice at 2nd, 6-4 (Groundball, 4M, EV 84.4 MPH)
|
Top of the 3rd over - 9 runs, 6 hits, 0 errors, 3 left on base; Lowell 13 - Tri-City 3 |
BOTTOM OF THE 3RD |
Tri-City ValleyCats batting - Pitching for Lowell Spinners : RHP Michel van Kampen
|
Batting: SHB Chris Keziah
|
0-0: Ball 1-0: Ground out 5-3 (Groundball, 5, EV 85.6 MPH)
|
Batting: LHB Vinny Siebecker
|
0-0: Foul Ball, location: 2F 0-1: Swinging Strike 0-2: Foul Ball, location: 2F 0-2: Strikes out swinging
|
Batting: RHB Bobby Dunn
|
0-0: Ball 1-0: Called Strike 1-1: Swinging Strike 1-2: Strikes out swinging
|
Bottom of the 3rd over - 0 runs, 0 hits, 0 errors, 0 left on base; Lowell 13 - Tri-City 3 |
TOP OF THE 4TH |
Lowell Spinners batting - Pitching for Tri-City ValleyCats : RHP Rob Baker
|
Batting: RHB Nick Cottrell
|
0-0: Foul Ball, location: 2F 0-1: Ball 1-1: Called Strike 1-2: Foul Ball, location: 2F 1-2: Ball 2-2: Foul Ball, location: 2F 2-2: Ball 3-2: DOUBLE (Line Drive, 89D, EV 106.9 MPH)
|
Batting: RHB Billy Ratz
|
0-0: Ball 1-0: Called Strike Balk! Nick Cottrell to third 1-1: Ball 2-1: Ground out 5-3 (Groundball, 5S, EV 83.1 MPH)
|
Batting: LHB Jarrett Mordecai
|
Balk! Nick Cottrell scores 0-0: Ball 1-0: Ball 2-0: Ball 3-0: Called Strike 3-1: Base on Balls
|
Pitching: RHP Evan Fry
|
|
Batting: RHB Guillermo Quintero
|
Balk! Jarrett Mordecai to second 0-0: Ball 1-0: Ground out 3-1 (Groundball, 34, EV 86.3 MPH) Jarrett Mordecai to third
|
Batting: LHB Noel Young
|
0-0: Ball 1-0: Ball 2-0: DOUBLE (Line Drive, 89D, EV 105.6 MPH) Jarrett Mordecai scores
|
Batting: RHB Joel Vazquez
|
0-0: Ball 1-0: Swinging Strike 1-1: Called Strike Balk! Noel Young to third 1-2: SINGLE (Line Drive, 8RM, EV 91.9 MPH) Noel Young scores
|
Batting: RHB Jose Diaz
|
0-0: Called Strike 0-1: Foul Ball, location: 2F 0-2: Ball 1-2: Fly out, F9 (Line Drive, 9, EV 94.4 MPH)
|
Top of the 4th over - 3 runs, 3 hits, 0 errors, 1 left on base; Lowell 16 - Tri-City 3 |
BOTTOM OF THE 4TH |
Tri-City ValleyCats batting - Pitching for Lowell Spinners : RHP Michel van Kampen
|
Batting: SHB Salvador Gomez
|
0-0: Ball 1-0: Ball 2-0: Ground out 4-3 (Groundball, 4, EV 90.6 MPH)
|
Batting: RHB Chris Miller
|
0-0: Ball 1-0: Ground out 6-3 (Groundball, 6, EV 100.0 MPH)
|
Batting: RHB Mike Koch
|
0-0: Foul Ball, location: 2F 0-1: Ball 1-1: Called Strike 1-2: Ground out 6-3 (Groundball, 6, EV 86.3 MPH)
|
Bottom of the 4th over - 0 runs, 0 hits, 0 errors, 0 left on base; Lowell 16 - Tri-City 3 |
TOP OF THE 5TH |
Lowell Spinners batting - Pitching for Tri-City ValleyCats : RHP Evan Fry
|
Batting: RHB Tommy Boudreaux
|
0-0: SINGLE (Groundball, 6MD, EV 98.8 MPH)
|
Batting: RHB Nick Ameen
|
0-0: Called Strike 0-1: Ball 1-1: Foul Ball, location: 2F 1-2: Ball 2-2: Fly out, F9 (Line Drive, 9, EV 98.1 MPH)
|
Pitching: RHP Adam Behrens
|
|
Batting: RHB Nick Cottrell
|
0-0: Called Strike 0-1: SINGLE (Line Drive, 7S, EV 99.4 MPH) Tommy Boudreaux to second
|
Batting: RHB Billy Ratz
|
0-0: Ball 1-0: Ball 2-0: Swinging Strike 2-1: Called Strike 2-2: Strikes out looking
|
Batting: LHB Jarrett Mordecai
|
0-0: Foul Ball, location: 2F 0-1: Ball 1-1: Ball 2-1: Swinging Strike 2-2: Foul Ball, location: 2F 2-2: Foul Ball, location: 2F 2-2: Foul Ball, location: 2F 2-2: SINGLE (Flyball, 5D, EV 93.1 MPH) Tommy Boudreaux to third Nick Cottrell to second Runner from 3rd tries for Home, SAFE, throw by LF to home
|
Batting: RHB Guillermo Quintero
|
0-0: SINGLE (Line Drive, 89M, EV 90.6 MPH) Nick Cottrell to third Jarrett Mordecai to second Runner from 3rd tries for Home, SAFE, throw by RF to home
|
Batting: LHB Noel Young
|
0-0: Ball 1-0: Swinging Strike 1-1: Foul Ball, location: 2F 1-2: Ball 2-2: Ball 3-2: Ground out 5-3 (Groundball, 56S, EV 90.6 MPH)
|
Top of the 5th over - 2 runs, 4 hits, 0 errors, 2 left on base; Lowell 18 - Tri-City 3 |
BOTTOM OF THE 5TH |
Tri-City ValleyCats batting - Pitching for Lowell Spinners : RHP Michel van Kampen
|
Batting: RHB Ruben Pujols
|
0-0: Ball 1-0: Reached on error, E5 (Groundball, 56S, EV 85.0 MPH)
|
Batting: RHB Ben Hoffman
|
0-0: Swinging Strike 0-1: Ball 1-1: Ball 2-1: Fly out, F5 (Line Drive, 5, EV 71.3 MPH)
|
Batting: RHB Justin Olmstead
|
0-0: Called Strike 0-1: Called Strike 0-2: Foul Ball, location: 2F 0-2: Ball 1-2: Foul Ball, location: 2F 1-2: Strikes out swinging
|
Batting: SHB Chris Keziah
|
0-0: Called Strike 0-1: Ball 1-1: Ball 2-1: Called Strike 2-2: Strikes out swinging
|
Bottom of the 5th over - 0 runs, 0 hits, 1 error, 1 left on base; Lowell 18 - Tri-City 3 |
TOP OF THE 6TH |
Lowell Spinners batting - Pitching for Tri-City ValleyCats : RHP Adam Behrens
|
Pitching: RHP Chris Miles
|
|
Batting: RHB Joel Vazquez
|
0-0: DOUBLE (Flyball, 9LM, EV 96.3 MPH)
|
Batting: RHB Jose Diaz
|
0-0: Swinging Strike 0-1: Ball 1-1: Swinging Strike 1-2: Ball 2-2: Strikes out looking
|
Batting: RHB Tommy Boudreaux
|
0-0: Called Strike 0-1: Foul Ball, location: 2F 0-2: Foul Ball, location: 2F 0-2: Ball 1-2: Strikes out swinging
|
Batting: RHB Nick Ameen
|
0-0: Ball 1-0: SINGLE (Groundball, 6MD, EV 108.1 MPH) Joel Vazquez to third Runner from 3rd tries for Home, throw by CF and OUT! 8-2
|
Top of the 6th over - 0 runs, 2 hits, 0 errors, 1 left on base; Lowell 18 - Tri-City 3 |
BOTTOM OF THE 6TH |
Tri-City ValleyCats batting - Pitching for Lowell Spinners : RHP Michel van Kampen
|
Batting: LHB Vinny Siebecker
|
0-0: Swinging Strike 0-1: Swinging Strike 0-2: Ball 1-2: Ball 2-2: Ball 3-2: Strikes out looking
|
Batting: RHB Bobby Dunn
|
0-0: DOUBLE (Line Drive, 9LS, EV 103.8 MPH)
|
Batting: SHB Salvador Gomez
|
0-0: Called Strike 0-1: Ball 1-1: Ball 2-1: Ball 3-1: SINGLE (Groundball, 6MD, EV 94.4 MPH) Bobby Dunn to third Runner from 3rd tries for Home, SAFE, throw by CF to home
|
Now in CF: Jose Conde
|
|
Batting: RHB Chris Miller
|
0-0: Swinging Strike 0-1: Ball 1-1: Grounds into double play, 6-4-3 (Groundball, 6, EV 82.5 MPH)
|
Bottom of the 6th over - 1 run, 2 hits, 0 errors, 0 left on base; Lowell 18 - Tri-City 4 |
TOP OF THE 7TH |
Lowell Spinners batting - Pitching for Tri-City ValleyCats : RHP Chris Miles
|
Batting: RHB Nick Cottrell
|
0-0: Ball 1-0: Ball 2-0: Foul Ball, location: 2F 2-1: Foul Ball, location: 2F 2-2: Ball 3-2: DOUBLE (Line Drive, 78D, EV 103.8 MPH)
|
Batting: RHB Jose Conde
|
0-0: Ball 1-0: Foul Ball, location: 2F 1-1: Ball 2-1: Ball 3-1: Swinging Strike 3-2: Foul Ball, location: 2F 3-2: SINGLE (Groundball, 6M, EV 86.9 MPH) (infield hit) Nick Cottrell to third
|
Pinch Hitting: RHB Jesus Montoya
|
0-0: Ball 1-0: Reached on error, E6 (Groundball, 6, EV 110.0 MPH) Nick Cottrell scores Jose Conde to second
|
Batting: RHB Guillermo Quintero
|
0-0: Called Strike 0-1: Ball 1-1: SINGLE (Groundball, 34D, EV 101.3 MPH) Jose Conde to third Jesus Montoya to second
|
Batting: LHB Noel Young
|
0-0: Called Strike 0-1: Ball 1-1: Foul Ball, location: 2F 1-2: Ball 2-2: Ball 3-2: Strikes out swinging
|
Pinch Hitting: RHB Bobby Schimke
|
0-0: Ball 1-0: Ball 2-0: Ball 3-0: Called Strike 3-1: Called Strike 3-2: Reached on error, E6 (Groundball, 6, EV 94.4 MPH) Jose Conde scores Jesus Montoya to third Guillermo Quintero to second
|
Batting: RHB Jose Diaz
|
0-0: Ball 1-0: Foul Ball, location: 2F 1-1: SINGLE (Groundball, 56S, EV 65.6 MPH) (infield hit) Jesus Montoya scores Guillermo Quintero to third Bobby Schimke to second
|
Batting: RHB Tommy Boudreaux
|
0-0: Ball 1-0: Foul Ball, location: 2F 1-1: Called Strike 1-2: SINGLE (Line Drive, 8RS, EV 105.0 MPH) Guillermo Quintero scores Bobby Schimke to third Jose Diaz to second
|
Batting: RHB Nick Ameen
|
0-0: Called Strike 0-1: Ball 1-1: Ball 2-1: Ball 3-1: Base on Balls Bobby Schimke scores Jose Diaz to third Tommy Boudreaux to second
|
Batting: RHB Nick Cottrell
|
0-0: Ball Passed Ball! Jose Diaz scores Tommy Boudreaux to third Nick Ameen to second 1-0: TRIPLE (Flyball, 89XD, EV 104.4 MPH) Tommy Boudreaux scores Nick Ameen scores
|
Batting: RHB Jose Conde
|
0-0: Ball 1-0: Ball 2-0: Ball 3-0: Base on Balls
|
Batting: RHB Jesus Montoya
|
0-0: Ball 1-0: SINGLE (Groundball, 6MD, EV 98.1 MPH) Nick Cottrell scores Jose Conde to second
|
Batting: RHB Guillermo Quintero
|
0-0: Called Strike 0-1: Swinging Strike 0-2: Ball 1-2: Strikes out swinging
|
Batting: LHB Noel Young
|
0-0: Foul Ball, location: 2F 0-1: Reached on error, E4 (Groundball, 4, EV 103.1 MPH) Jose Conde to third Jesus Montoya to second
|
Batting: RHB Bobby Schimke
|
0-0: Foul Ball, location: 2F 0-1: Fly out, F9 (Flyball, 9, EV 93.8 MPH)
|
Top of the 7th over - 9 runs, 7 hits, 3 errors, 3 left on base; Lowell 27 - Tri-City 4 |
BOTTOM OF THE 7TH |
Tri-City ValleyCats batting - Pitching for Lowell Spinners : RHP Michel van Kampen
|
Now at 1B: Tony Rivera
|
|
Now at 3B: Bobby Schimke
|
|
Batting: RHB Mike Koch
|
0-0: Swinging Strike 0-1: Swinging Strike 0-2: Foul Ball, location: 2F 0-2: Ball 1-2: Strikes out looking
|
Pitching: RHP Ricardo Bautista
|
|
Batting: RHB Ruben Pujols
|
0-0: Ball 1-0: Foul Ball, location: 2F 1-1: Ball 2-1: Ball 3-1: Called Strike 3-2: Base on Balls
|
Batting: RHB Ben Hoffman
|
0-0: Ball 1-0: Called Strike 1-1: SINGLE (Line Drive, 8LM, EV 97.5 MPH) Ruben Pujols to second
|
Batting: RHB Justin Olmstead
|
0-0: Foul Ball, location: 2F 0-1: Ball 1-1: Swinging Strike 1-2: Strikes out swinging
|
Batting: SHB Chris Keziah
|
0-0: Foul Ball, location: 2F 0-1: Ball 1-1: Swinging Strike 1-2: Ball 2-2: Strikes out swinging
|
Bottom of the 7th over - 0 runs, 1 hit, 0 errors, 2 left on base; Lowell 27 - Tri-City 4 |
TOP OF THE 8TH |
Lowell Spinners batting - Pitching for Tri-City ValleyCats : RHP Chris Miles
|
Batting: RHB Jose Diaz
|
0-0: SINGLE (Groundball, 4M, EV 81.9 MPH) (infield hit)
|
Batting: RHB Tommy Boudreaux
|
0-0: DOUBLE (Line Drive, 78M, EV 96.3 MPH) Jose Diaz to third Runner from 3rd tries for Home, SAFE, throw by LF to home
|
Batting: RHB Nick Ameen
|
0-0: Ground out 1-3 (Groundball, 13, EV 63.8 MPH) Tommy Boudreaux to third
|
Batting: RHB Nick Cottrell
|
0-0: Swinging Strike 0-1: Ball 1-1: Ball 2-1: Foul Ball, location: 2F 2-2: Ball 3-2: Foul Ball, location: 2F 3-2: Base on Balls
|
Batting: RHB Jose Conde
|
0-0: Fielders Choice at 2nd, 5-4 (Groundball, 5, EV 83.8 MPH) Tommy Boudreaux scores
|
Batting: LHB Tony Rivera
|
0-0: SINGLE (Groundball, 34S, EV 84.4 MPH) (infield hit) Jose Conde to second
|
Batting: RHB Guillermo Quintero
|
0-0: Ball 1-0: Foul Ball, location: 2F 1-1: Ball 2-1: Ball 3-1: Called Strike 3-2: Strikes out swinging
|
Top of the 8th over - 2 runs, 3 hits, 0 errors, 2 left on base; Lowell 29 - Tri-City 4 |
BOTTOM OF THE 8TH |
Tri-City ValleyCats batting - Pitching for Lowell Spinners : RHP Ricardo Bautista
|
Batting: LHB Vinny Siebecker
|
0-0: Foul Ball, location: 2F 0-1: Foul Ball, location: 2F 0-2: Ball 1-2: Foul Ball, location: 2F 1-2: Ball 2-2: Strikes out swinging, 2-3 out at first.
|
Batting: RHB Bobby Dunn
|
0-0: Swinging Strike 0-1: Foul Ball, location: 2F 0-2: Foul Ball, location: 2F 0-2: Ball 1-2: Foul Ball, location: 2F 1-2: Strikes out looking
|
Batting: SHB Salvador Gomez
|
0-0: Called Strike 0-1: Ball 1-1: Foul Ball, location: 2F 1-2: Ball 2-2: Ball 3-2: Strikes out swinging
|
Bottom of the 8th over - 0 runs, 0 hits, 0 errors, 0 left on base; Lowell 29 - Tri-City 4 |
TOP OF THE 9TH |
Lowell Spinners batting - Pitching for Tri-City ValleyCats : RHP Chris Miles
|
Batting: LHB Noel Young
|
0-0: Ball 1-0: Foul Ball, location: 2F 1-1: Ball 2-1: Ball 3-1: Called Strike 3-2: Base on Balls
|
Batting: RHB Bobby Schimke
|
0-0: Ball 1-0: Ball 2-0: Called Strike 2-1: Foul Ball, location: 2F 2-2: Foul Ball, location: 2F 2-2: Strikes out looking
|
Batting: RHB Jose Diaz
|
0-0: Called Strike 0-1: SINGLE (Groundball, 56S, EV 67.5 MPH) (infield hit) Noel Young to second
|
Batting: RHB Tommy Boudreaux
|
0-0: Swinging Strike 0-1: Ball 1-1: DOUBLE (Line Drive, 8LD, EV 106.3 MPH) Noel Young scores Jose Diaz to third
|
Batting: RHB Nick Ameen
|
0-0: Ground out 5-3 (Groundball, 56, EV 86.9 MPH) Jose Diaz scores
|
Batting: RHB Nick Cottrell
|
0-0: Called Strike 0-1: Ball 1-1: Called Strike 1-2: Ball 2-2: Foul Ball, location: 2F 2-2: Ball 3-2: Base on Balls
|
Batting: RHB Jose Conde
|
0-0: Ball 1-0: Ball 2-0: Ball 3-0: Base on Balls Tommy Boudreaux to third Nick Cottrell to second
|
Batting: LHB Tony Rivera
|
0-0: SINGLE (Groundball, 6M, EV 100.6 MPH) (infield hit) Tommy Boudreaux scores Nick Cottrell to third Jose Conde to second
|
Batting: RHB Guillermo Quintero
|
0-0: Foul Ball, location: 2F 0-1: Ball 1-1: Fly out, F7 (Flyball, 7S, EV 90.0 MPH)
|
Top of the 9th over - 3 runs, 3 hits, 0 errors, 3 left on base; Lowell 32 - Tri-City 4 |
BOTTOM OF THE 9TH |
Tri-City ValleyCats batting - Pitching for Lowell Spinners : RHP Ricardo Bautista
|
Batting: RHB Chris Miller
|
0-0: Ball 1-0: Called Strike 1-1: Called Strike 1-2: Foul Ball, location: 2F 1-2: Foul Ball, location: 2F 1-2: Foul Ball, location: 2F 1-2: Strikes out looking
|
Batting: RHB Mike Koch
|
0-0: Called Strike 0-1: Called Strike 0-2: Strikes out swinging
|
Batting: RHB Ruben Pujols
|
0-0: Foul Ball, location: 2F 0-1: Ball 1-1: Called Strike 1-2: Ball 2-2: Ball 3-2: Strikes out swinging
|
Bottom of the 9th over - 0 runs, 0 hits, 0 errors, 0 left on base; Lowell 32 - Tri-City 4 |
|